Unix NetHack Version 3.7.0-65 Work-in-progress - last build Oct 10 2022 05:34:18 (2afc5cfc90f7ecdc2856d9919a2295b875398e55,branch:master).

Game began 2022-10-23 13:10:40, ended 2022-10-23 15:50:10.

tromix, lawful male human Priest

  
unexplored area
unexplored area
unexplored area
unexplored area
unexplored area
unexplored area
unexplored area
unexplored area
unexplored area
unexplored area
unexplored area
unexplored area
unexplored area
unexplored area
unexplored area
unexplored area
unexplored area
unexplored area
unexplored area
unexplored area
unexplored area
unexplored area
unexplored area
unexplored area
unexplored area
unexplored area
unexplored area
unexplored area
unexplored area
unexplored area
unexplored area
unexplored area
unexplored area
unexplored area
unexplored area
unexplored area
unexplored area
unexplored area
unexplored area
unexplored area
unexplored area
unexplored area
unexplored area
unexplored area
unexplored area
unexplored area
unexplored area
unexplored area
unexplored area
unexplored area
unexplored area
unexplored area
unexplored area
unexplored area
unexplored area
unexplored area
unexplored area
unexplored area
unexplored area
unexplored area
unexplored area
unexplored area
unexplored area
unexplored area
unexplored area
unexplored area
unexplored area
unexplored area
unexplored area
unexplored area
unexplored area
unexplored area
unexplored area
unexplored area
unexplored area
unexplored area
unexplored area
unexplored area
unexplored area
unexplored area
unexplored area
unexplored area
unexplored area
unexplored area
unexplored area
unexplored area
unexplored area
unexplored area
unexplored area
unexplored area
unexplored area
unexplored area
unexplored area
unexplored area
unexplored area
unexplored area
unexplored area
unexplored area
unexplored area
unexplored area
unexplored area
unexplored area
unexplored area
wall
wall
wall
wall
wall
wall
wall
wall
wall
wall
wall
wall
wall
wall
wall
wall
wall
wall
wall
wall
wall
wall
wall
wall
wall
wall
wall
wall
wall
wall
wall
wall
unexplored area
unexplored area
unexplored area
unexplored area
unexplored area
unexplored area
unexplored area
unexplored area
unexplored area
unexplored area
unexplored area
unexplored area
unexplored area
unexplored area
unexplored area
unexplored area
unexplored area
unexplored area
unexplored area
unexplored area
unexplored area
unexplored area
unexplored area
unexplored area
unexplored area
unexplored area
unexplored area
unexplored area
unexplored area
unexplored area
unexplored area
unexplored area
unexplored area
unexplored area
unexplored area
unexplored area
unexplored area
unexplored area
unexplored area
unexplored area
unexplored area
unexplored area
unexplored area
unexplored area
unexplored area
unexplored area
unexplored area
wall
.dark part of a room
.dark part of a room
.dark part of a room
.dark part of a room
.dark part of a room
.dark part of a room
.dark part of a room
.dark part of a room
.dark part of a room
.dark part of a room
.dark part of a room
.dark part of a room
.dark part of a room
.dark part of a room
.dark part of a room
.dark part of a room
.dark part of a room
.dark part of a room
.dark part of a room
.dark part of a room
.dark part of a room
.dark part of a room
.dark part of a room
.dark part of a room
.dark part of a room
.dark part of a room
.dark part of a room
.dark part of a room
.dark part of a room
.dark part of a room
wall
unexplored area
unexplored area
unexplored area
unexplored area
unexplored area
unexplored area
unexplored area
unexplored area
unexplored area
unexplored area
unexplored area
unexplored area
unexplored area
unexplored area
unexplored area
unexplored area
unexplored area
unexplored area
unexplored area
unexplored area
unexplored area
unexplored area
unexplored area
unexplored area
unexplored area
unexplored area
unexplored area
unexplored area
unexplored area
wall
wall
wall
wall
wall
wall
wall
wall
unexplored area
unexplored area
unexplored area
unexplored area
unexplored area
unexplored area
unexplored area
unexplored area
unexplored area
unexplored area
wall
.dark part of a room
.dark part of a room
.dark part of a room
wall
wall
wall
wall
wall
+closed door
wall
wall
wall
wall
wall
wall
.dark part of a room
wall
wall
wall
wall
.dark part of a room
.dark part of a room
wall
wall
wall
wall
wall
.dark part of a room
.dark part of a room
.dark part of a room
wall
unexplored area
unexplored area
unexplored area
unexplored area
unexplored area
unexplored area
unexplored area
unexplored area
unexplored area
unexplored area
unexplored area
unexplored area
unexplored area
unexplored area
unexplored area
unexplored area
unexplored area
unexplored area
unexplored area
unexplored area
unexplored area
unexplored area
unexplored area
unexplored area
unexplored area
unexplored area
unexplored area
unexplored area
unexplored area
wall
.dark part of a room
.dark part of a room
.dark part of a room
.dark part of a room
.dark part of a room
.dark part of a room
wall
unexplored area
unexplored area
unexplored area
unexplored area
unexplored area
unexplored area
unexplored area
unexplored area
unexplored area
unexplored area
wall
.dark part of a room
.dark part of a room
.dark part of a room
wall
.floor of a room
(a leash
(a horn
wall
unexplored area
unexplored area
wall
%a food ration
%a tin
.dark part of a room
wall
.dark part of a room
wall
.dark part of a room
.dark part of a room
wall
wall
wall
wall
)a pole cleaver
)a crossbow
%a food ration
wall
.dark part of a room
.dark part of a room
.dark part of a room
wall
unexplored area
unexplored area
unexplored area
unexplored area
unexplored area
unexplored area
unexplored area
unexplored area
unexplored area
unexplored area
unexplored area
unexplored area
unexplored area
unexplored area
unexplored area
unexplored area
unexplored area
unexplored area
unexplored area
unexplored area
unexplored area
unexplored area
unexplored area
unexplored area
unexplored area
unexplored area
unexplored area
unexplored area
unexplored area
wall
.dark part of a room
.dark part of a room
.dark part of a room
.dark part of a room
.dark part of a room
.dark part of a room
wall
unexplored area
unexplored area
unexplored area
unexplored area
unexplored area
unexplored area
unexplored area
unexplored area
unexplored area
unexplored area
wall
.dark part of a room
.dark part of a room
.dark part of a room
wall
(a cursed candle
@peaceful Regien
.dark part of a room
wall
unexplored area
unexplored area
wall
!a blessed potion
%a food ration
.dark part of a room
-open door
.dark part of a room
-open door
.dark part of a room
.dark part of a room
wall
unexplored area
unexplored area
wall
[a blessed +1 dwarvish mithril-coat
]strange object
%2 slime molds
wall
.dark part of a room
.dark part of a room
.dark part of a room
wall
unexplored area
unexplored area
unexplored area
unexplored area
unexplored area
unexplored area
unexplored area
unexplored area
unexplored area
unexplored area
unexplored area
unexplored area
unexplored area
unexplored area
unexplored area
unexplored area
unexplored area
unexplored area
unexplored area
unexplored area
unexplored area
unexplored area
unexplored area
unexplored area
unexplored area
unexplored area
unexplored area
unexplored area
unexplored area
wall
.dark part of a room
.dark part of a room
.dark part of a room
.dark part of a room
.dark part of a room
.dark part of a room
unexplored area
unexplored area
unexplored area
unexplored area
unexplored area
unexplored area
unexplored area
unexplored area
unexplored area
unexplored area
unexplored area
wall
.dark part of a room
.dark part of a room
.dark part of a room
wall
.floor of a room
.dark part of a room
.dark part of a room
wall
wall
wall
wall
wall
wall
wall
wall
.dark part of a room
wall
wall
wall
wall
unexplored area
unexplored area
wall
.dark part of a room
.dark part of a room
.dark part of a room
wall
.dark part of a room
.dark part of a room
.dark part of a room
wall
corridor
stone
stone
stone
stone
stone
stone
stone
unexplored area
unexplored area
unexplored area
unexplored area
unexplored area
unexplored area
unexplored area
unexplored area
unexplored area
unexplored area
unexplored area
unexplored area
unexplored area
unexplored area
unexplored area
unexplored area
unexplored area
unexplored area
unexplored area
unexplored area
unexplored area
wall
.dark part of a room
.dark part of a room
.dark part of a room
.dark part of a room
.dark part of a room
%an ape corpse
wall
stone
stone
stone
unexplored area
unexplored area
unexplored area
unexplored area
unexplored area
unexplored area
unexplored area
wall
.floor of a room
.floor of a room
.dark part of a room
wall
dwolf
wall
wall
wall
.dark part of a room
.dark part of a room
.dark part of a room
.floor of a room
.floor of a room
)a crude dagger
.floor of a room
.floor of a room
.floor of a room
.floor of a room
.floor of a room
wall
wall
+closed door
wall
wall
|open door
wall
wall
.dark part of a room
.dark part of a room
.dark part of a room
.doorway
corridor
corridor
corridor
corridor
corridor
corridor
corridor
stone
stone
unexplored area
unexplored area
unexplored area
unexplored area
unexplored area
unexplored area
unexplored area
unexplored area
unexplored area
unexplored area
unexplored area
unexplored area
unexplored area
unexplored area
unexplored area
unexplored area
unexplored area
unexplored area
unexplored area
unexplored area
wall
.dark part of a room
.dark part of a room
.dark part of a room
.dark part of a room
.dark part of a room
)a crossbow bolt
)a crossbow bolt
corridor
corridor
stone
unexplored area
unexplored area
unexplored area
unexplored area
unexplored area
unexplored area
unexplored area
wall
.floor of a room
.floor of a room
.floor of a room
@werewolf
@human priest called tromix
dwinter wolf
.floor of a room
.floor of a room
.floor of a room
.floor of a room
.floor of a room
.floor of a room
.floor of a room
.floor of a room
.floor of a room
.floor of a room
.floor of a room
.floor of a room
.floor of a room
.floor of a room
.floor of a room
.floor of a room
.floor of a room
.floor of a room
.floor of a room
.floor of a room
.floor of a room
.floor of a room
.floor of a room
.floor of a room
wall
corridor
stone
stone
stone
stone
stone
corridor
corridor
stone
stone
unexplored area
unexplored area
unexplored area
unexplored area
unexplored area
unexplored area
unexplored area
unexplored area
unexplored area
unexplored area
unexplored area
unexplored area
unexplored area
unexplored area
unexplored area
unexplored area
unexplored area
unexplored area
unexplored area
wall
wall
wall
unexplored area
wall
.doorway
wall
wall
stone
%a lizard corpse
stone
unexplored area
unexplored area
unexplored area
unexplored area
unexplored area
stone
stone
wall
.floor of a room
.floor of a room
.floor of a room
.floor of a room
.floor of a room
dwolf
.floor of a room
.floor of a room
fountain
.floor of a room
wall
wall
wall
wall
|open door
wall
wall
.dark part of a room
fountain
.dark part of a room
.dark part of a room
.dark part of a room
.dark part of a room
.dark part of a room
.dark part of a room
.dark part of a room
.dark part of a room
.dark part of a room
.dark part of a room
.floor of a room
wall
corridor
stone
unexplored area
unexplored area
unexplored area
unexplored area
stone
corridor
corridor
stone
unexplored area
unexplored area
unexplored area
unexplored area
unexplored area
unexplored area
unexplored area
unexplored area
unexplored area
unexplored area
unexplored area
unexplored area
unexplored area
unexplored area
unexplored area
unexplored area
unexplored area
unexplored area
unexplored area
unexplored area
unexplored area
unexplored area
unexplored area
unexplored area
unexplored area
unexplored area
unexplored area
stone
corridor
stone
stone
stone
stone
stone
unexplored area
stone
corridor
wall
.floor of a room
.floor of a room
.floor of a room
.floor of a room
prock piercer
.floor of a room
.floor of a room
.floor of a room
.floor of a room
@peaceful watchman
wall
.dark part of a room
.dark part of a room
.dark part of a room
.dark part of a room
.dark part of a room
wall
.dark part of a room
.dark part of a room
.dark part of a room
.dark part of a room
.dark part of a room
.dark part of a room
.dark part of a room
.dark part of a room
.dark part of a room
.dark part of a room
.dark part of a room
.dark part of a room
.dark part of a room
wall
corridor
stone
unexplored area
unexplored area
unexplored area
unexplored area
unexplored area
stone
corridor
stone
unexplored area
unexplored area
unexplored area
unexplored area
unexplored area
unexplored area
unexplored area
unexplored area
unexplored area
unexplored area
unexplored area
unexplored area
unexplored area
unexplored area
unexplored area
unexplored area
unexplored area
unexplored area
unexplored area
unexplored area
unexplored area
unexplored area
unexplored area
unexplored area
unexplored area
unexplored area
unexplored area
stone
corridor
corridor
corridor
corridor
corridor
stone
stone
stone
corridor
wall
.floor of a room
jspotted jelly
.floor of a room
wall
wall
|open door
wall
wall
.floor of a room
.floor of a room
wall
.dark part of a room
.dark part of a room
.dark part of a room
.dark part of a room
.dark part of a room
wall
.dark part of a room
.dark part of a room
.dark part of a room
.dark part of a room
wall
|open door
wall
wall
wall
.dark part of a room
.dark part of a room
.dark part of a room
.dark part of a room
wall
corridor
stone
unexplored area
unexplored area
unexplored area
unexplored area
unexplored area
stone
corridor
stone
stone
unexplored area
unexplored area
unexplored area
unexplored area
unexplored area
unexplored area
unexplored area
unexplored area
unexplored area
unexplored area
unexplored area
unexplored area
unexplored area
unexplored area
unexplored area
unexplored area
unexplored area
unexplored area
unexplored area
unexplored area
unexplored area
unexplored area
unexplored area
unexplored area
unexplored area
unexplored area
stone
stone
stone
stone
stone
corridor
corridor
stone
stone
corridor
wall
qrothe
.floor of a room
.floor of a room
wall
.dark part of a room
@peaceful Kesh
.dark part of a room
wall
wall
|open door
wall
.dark part of a room
.dark part of a room
_lawful altar
.dark part of a room
.dark part of a room
wall
.dark part of a room
wall
|open door
wall
wall
.dark part of a room
.dark part of a room
.dark part of a room
wall
wall
wall
wall
.dark part of a room
wall
corridor
stone
unexplored area
unexplored area
unexplored area
unexplored area
unexplored area
stone
corridor
corridor
corridor
wall
wall
.doorway
wall
wall
wall
.doorway
wall
wall
wall
wall
unexplored area
unexplored area
wall
unexplored area
unexplored area
unexplored area
unexplored area
unexplored area
unexplored area
unexplored area
unexplored area
unexplored area
unexplored area
unexplored area
unexplored area
unexplored area
unexplored area
unexplored area
unexplored area
stone
corridor
corridor
corridor
corridor
corridor
.doorway
.floor of a room
.floor of a room
.dark part of a room
wall
.dark part of a room
.floor of a room
.floor of a room
wall
.dark part of a room
.dark part of a room
wall
+a spellbook of wizard lock
.dark part of a room
.dark part of a room
%an ape corpse
.dark part of a room
wall
.dark part of a room
wall
.dark part of a room
.dark part of a room
wall
(a blessed candle
!a blessed cyan potion
(a candle
wall
unexplored area
unexplored area
+closed door
.dark part of a room
wall
corridor
stone
unexplored area
unexplored area
unexplored area
unexplored area
unexplored area
unexplored area
stone
stone
corridor
.doorway
.dark part of a room
.dark part of a room
.dark part of a room
.dark part of a room
.dark part of a room
.dark part of a room
.dark part of a room
.dark part of a room
.dark part of a room
wall
unexplored area
unexplored area
wall
.dark part of a room
unexplored area
unexplored area
unexplored area
unexplored area
unexplored area
unexplored area
unexplored area
unexplored area
unexplored area
unexplored area
unexplored area
stone
stone
stone
stone
stone
corridor
stone
corridor
corridor
corridor
wall
.floor of a room
.floor of a room
.dark part of a room
wall
.dark part of a room
+a book
.floor of a room
wall
.dark part of a room
.dark part of a room
wall
wall
wall
wall
wall
wall
wall
.dark part of a room
wall
.dark part of a room
.dark part of a room
wall
.dark part of a room
(a candle
(a candle
wall
unexplored area
unexplored area
wall
.dark part of a room
wall
corridor
stone
unexplored area
unexplored area
unexplored area
unexplored area
unexplored area
unexplored area
unexplored area
stone
stone
wall
.dark part of a room
.dark part of a room
.dark part of a room
.dark part of a room
.dark part of a room
.dark part of a room
.dark part of a room
.dark part of a room
.dark part of a room
wall
unexplored area
unexplored area
wall
.dark part of a room
.dark part of a room
.dark part of a room
.dark part of a room
.dark part of a room
.dark part of a room
.dark part of a room
-open door
unexplored area
unexplored area
unexplored area
unexplored area
corridor
corridor
corridor
corridor
corridor
corridor
corridor
corridor
corridor
corridor
wall
.floor of a room
.dark part of a room
.dark part of a room
wall
wall
wall
wall
wall
wall
wall
wall
.dark part of a room
.dark part of a room
.dark part of a room
.dark part of a room
.dark part of a room
.dark part of a room
.dark part of a room
wall
wall
wall
wall
wall
wall
wall
wall
wall
wall
wall
.dark part of a room
wall
corridor
stone
unexplored area
unexplored area
unexplored area
unexplored area
unexplored area
unexplored area
unexplored area
unexplored area
unexplored area
wall
.dark part of a room
.dark part of a room
.dark part of a room
.dark part of a room
.dark part of a room
.dark part of a room
.dark part of a room
.dark part of a room
.dark part of a room
wall
unexplored area
unexplored area
wall
.dark part of a room
unexplored area
unexplored area
unexplored area
unexplored area
unexplored area
unexplored area
unexplored area
unexplored area
unexplored area
unexplored area
unexplored area
stone
corridor
stone
stone
stone
stone
stone
stone
stone
corridor
wall
.floor of a room
.dark part of a room
.dark part of a room
.dark part of a room
.dark part of a room
.dark part of a room
.dark part of a room
.dark part of a room
.dark part of a room
.dark part of a room
.dark part of a room
.dark part of a room
.dark part of a room
.dark part of a room
.dark part of a room
.dark part of a room
.dark part of a room
.dark part of a room
.dark part of a room
.dark part of a room
.dark part of a room
.dark part of a room
.dark part of a room
.dark part of a room
.dark part of a room
.dark part of a room
.dark part of a room
.dark part of a room
.dark part of a room
.dark part of a room
wall
corridor
stone
unexplored area
unexplored area
unexplored area
unexplored area
unexplored area
unexplored area
unexplored area
unexplored area
unexplored area
wall
.dark part of a room
.dark part of a room
.dark part of a room
.dark part of a room
.dark part of a room
.dark part of a room
.dark part of a room
.dark part of a room
.dark part of a room
wall
unexplored area
unexplored area
wall
unexplored area
unexplored area
unexplored area
unexplored area
unexplored area
unexplored area
unexplored area
unexplored area
unexplored area
unexplored area
unexplored area
unexplored area
unexplored area
unexplored area
unexplored area
unexplored area
unexplored area
unexplored area
unexplored area
unexplored area
stone
corridor
wall
wall
wall
wall
wall
wall
wall
wall
wall
wall
wall
wall
wall
wall
wall
wall
wall
wall
wall
wall
wall
wall
wall
wall
wall
wall
wall
wall
wall
wall
wall
wall
corridor
corridor
unexplored area
unexplored area
unexplored area
unexplored area
unexplored area
unexplored area
unexplored area
unexplored area
unexplored area
wall
.dark part of a room
.dark part of a room
.dark part of a room
.dark part of a room
.dark part of a room
.dark part of a room
.dark part of a room
.dark part of a room
.dark part of a room
wall
unexplored area
unexplored area
unexplored area
unexplored area
unexplored area
unexplored area
unexplored area
unexplored area
unexplored area
unexplored area
unexplored area
unexplored area
unexplored area
unexplored area
unexplored area
unexplored area
unexplored area
unexplored area
unexplored area
unexplored area
unexplored area
unexplored area
unexplored area
stone
corridor
corridor
corridor
corridor
corridor
corridor
corridor
corridor
corridor
corridor
corridor
corridor
corridor
corridor
corridor
corridor
corridor
corridor
corridor
corridor
corridor
corridor
corridor
corridor
corridor
corridor
corridor
corridor
corridor
corridor
corridor
corridor
corridor
corridor
stone
unexplored area
unexplored area
unexplored area
unexplored area
unexplored area
unexplored area
unexplored area
unexplored area
unexplored area
+closed door
.dark part of a room
.dark part of a room
<staircase up
.dark part of a room
.dark part of a room
.dark part of a room
.dark part of a room
.dark part of a room
.dark part of a room
wall
unexplored area
unexplored area
unexplored area
unexplored area
unexplored area
unexplored area
unexplored area
unexplored area
unexplored area
unexplored area
unexplored area
unexplored area
unexplored area
unexplored area
unexplored area
unexplored area
unexplored area
unexplored area
unexplored area
unexplored area
unexplored area
unexplored area
unexplored area
stone
stone
stone
stone
stone
stone
stone
stone
stone
stone
stone
stone
stone
stone
stone
stone
stone
stone
stone
stone
stone
stone
stone
stone
stone
stone
stone
stone
stone
stone
stone
stone
stone
stone
stone
stone
unexplored area
unexplored area
unexplored area
unexplored area
unexplored area
unexplored area
unexplored area
unexplored area
unexplored area
wall
wall
wall
wall
wall
wall
wall
wall
wall
wall
wall
unexplored area
unexplored area
unexplored area
unexplored area
unexplored area
unexplored area
unexplored area
unexplored area
unexplored area
unexplored area
unexplored area
unexplored area
unexplored area
unexplored area
unexplored area
unexplored area
unexplored area
unexplored area
unexplored area
unexplored area
unexplored area
unexplored area
unexplored area
unexplored area
unexplored area
unexplored area
unexplored area
unexplored area
unexplored area
unexplored area
unexplored area
unexplored area
unexplored area
unexplored area
unexplored area
unexplored area
unexplored area
unexplored area
unexplored area
unexplored area
unexplored area
unexplored area
unexplored area
unexplored area
unexplored area
unexplored area
unexplored area
unexplored area
unexplored area
unexplored area
unexplored area
unexplored area
unexplored area
unexplored area
unexplored area
unexplored area
unexplored area
unexplored area
unexplored area
unexplored area
unexplored area
unexplored area
unexplored area
unexplored area
unexplored area
unexplored area
unexplored area
unexplored area
unexplored area
unexplored area
unexplored area
unexplored area
unexplored area
unexplored area
unexplored area
unexplored area
unexplored area
unexplored area
unexplored area
unexplored area
[Tromix the Adept ] St:16 Dx:13 Co:14 In:10 Wi:18 Ch:12 Lawful Dlvl:6 $:0 HP:0(55) Pw:75(75) AC:-9 Xp:7 T:6259 Burdened

Latest messages:

You hit the lizard!
The wolf misses!
The lizard bites!
The werewolf misses!
You kill the lizard!
The wolf misses!
The werewolf bites!
You see here a lizard corpse.
The wolf misses!
The wolf just misses!
The werewolf bites!
The wolf bites!
Pick an object.
You hit the wolf!
The wolf bites!
You hit the wolf!
The wolf misses!
You kill the wolf!
The wolf bites!
You miss the wolf.
The wolf misses!
You hit the wolf!
The wolf misses!
You hit the wolf!
The wolf misses!
The wolf misses!
You hit the wolf!
The wolf bites!
You kill the wolf!
The werewolf hits!
The werewolf hits!
The werewolf misses!
The werewolf changes into a wolf.
The werewolf misses!
The werewolf changes into a human.
The werewolf summons help!
A wolf suddenly appears next to you!
A wolf suddenly appears next to you!
A winter wolf suddenly appears next to you!
The werewolf hits!
You hit the winter wolf.
The winter wolf bites!
You die...
Regien looks at your corpse, shakes his head, and sighs.
Kesh looks at your corpse and sighs.
Do you want your possessions identified? [ynq] (y) y
Do you want to see your attributes? [ynq] (y) y
Do you want an account of creatures vanquished? [ynaq] (y) y
Do you want to see your conduct and achievements? [ynq] (y) y
Do you want to see the dungeon overview? [ynq] (y) y

Inventory:

Weapons

i - 29 +0 darts (at the ready)
D - the rustproof +0 Demonbane (weapon in hand)
N - a cursed -1 long sword
a - a blessed +1 mace

Armor

Q - a +0 dwarvish iron helm (being worn)
q - a +0 pair of gauntlets of dexterity (being worn)
R - a +0 pair of iron shoes (being worn)
c - a blessed +0 small shield (being worn)
s - a +0 elven cloak
b - a +0 robe (being worn)
M - a blessed greased +2 gray dragon scale mail (being worn)

Comestibles

e - a clove of garlic
w - a cream pie
o - 2 food rations
v - a fortune cookie
f - a sprig of wolfsbane
k - a cursed tripe ration
K - a tin of spinach

Scrolls

G - a scroll of amnesia
y - a blessed scroll of blank paper
I - a scroll of enchant armor
H - 3 scrolls of identify
n - a scroll of remove curse
P - a scroll of scare monster
B - a scroll of taming
Z - a scroll of teleportation

Spellbooks

W - a spellbook of detect unseen
O - a blessed spellbook of force bolt
S - a spellbook of sleep
L - a spellbook of teleport away

Potions

E - a potion of acid
g - a potion of extra healing
m - a potion of gain energy
u - a potion of healing
r - a blessed potion of speed
d - 2 potions of holy water

Wands

U - a wand of fire (0:7)

Tools

F - a brass lantern
C - a blessed oil lamp

Gems/Stones

z - a fluorite stone
j - a worthless piece of blue glass
Y - 2 worthless pieces of orange glass
t - 2 worthless pieces of red glass
A - a worthless piece of white glass
p - 2 worthless pieces of yellow glass
X - a blessed luckstone

Tromix the Priest's attributes:


Background:

You were an Adept, a level 7 human Priest.
You were lawful, on a mission for Shan Lai Ching
who was opposed by Chih Sung-tzu (neutral) and Huan Ti (chaotic).
You were in the Gnomish Mines, on level 6.
You entered the dungeon 6259 turns ago.
You had 1016 experience points, 264 more were needed to attain level 8.

Basics:

You had 0 out of 55 hit points.
You had all 75 energy points (spell power).
Your armor class was -9.
Your wallet was empty.
Autopickup was off.

Final Characteristics:

Your strength was 16 (limit:18/100).
Your dexterity was 13 (limit:18).
Your constitution was 14 (limit:18).
Your intelligence was 10 (limit:18).
Your wisdom was 18 (limit:18).
Your charisma was 12 (limit:18).

Final Status:

You were not hungry.
You were burdened; movement was slightly slowed.
You were wielding a mace.
You had expert skill with mace.

Final Attributes:

You were piously aligned.
You were magic-protected.
You were guarded.
You were very lucky.
You had extra luck.
Good luck did not time out for you.
You are dead.

Miscellaneous:
You disabled loading of bones levels.
Total elapsed playing time was 1 hour, 7 minutes and 43 seconds.

Major events:

Turn

1: tromix the lawful human Priest entered the dungeon
1630: attained the rank of Acolyte (level 3)
2004: entered the Gnomish Mines
3506: attained the rank of Adept (level 6)
3853: reached Mine Town
4345: made his first wish - "blessed greased +2 gray dragon scale mail", got "a blessed greased gray dragon scale mail"
5837: was bestowed with Demonbane by Shan Lai Ching
6259: killed by a winter wolf

Vanquished creatures:

a small mimic
2 wolves
a lizard
a dingo
a raven
6 apes
a Woodland-elf
a bugbear
2 rock piercers
a rock mole
a yellow light
4 gnome leaders
2 gnomish wizards
a gray ooze
a paper golem
3 giant ants
2 little dogs
a floating eye
a dwarf
8 hill orcs
9 rothes
3 giant bats
an orc zombie
an iguana
2 coyotes
2 hobbits
3 large kobolds
2 hobgoblins
3 giant rats
3 brown molds
20 gnomes
3 geckos
14 jackals
a fox
2 goblins
3 sewer rats
6 grid bugs
a bat
6 lichens
3 kobold zombies
12 newts
141 creatures vanquished.
No species were genocided or became extinct.

Voluntary challenges:

You read items or engraved 9 times.
You never engraved Elbereth.
You never genocided any monsters.
You never polymorphed an object.
You never changed form.
You used 1 wish.
You did not wish for any artifacts.

Achievements:

You entered a shop.
You attained the rank of Acolyte.
You entered the Gnomish Mines.
You attained the rank of Adept.
You entered Minetown.
You entered a temple.

The Dungeons of Doom: levels 1 to 5

   Level 1:
Some fountains.
Level 2:
A jewelers, a fountain.
Level 3:
Stairs down to The Gnomish Mines.
Level 4:
Level 5:

The Gnomish Mines: levels 4 to 6

   Level 4:
Level 5:
Level 6: <- You were here.
Many shops, a temple to Shan Lai Ching, some fountains.
Final resting place for
you, killed by a winter wolf.

Game over:

----------
/ \
/ REST \
/ IN \
/ PEACE \
/ \
| tromix |
| 0 Au |
| killed by a |
| winter wolf |
| |
| |
| 2022 |
*| * * * | *
_________)/\\_//(\/(/\)/\//\/|_)_______

Goodbye tromix the Priest...


You died in The Gnomish Mines on dungeon level 6 with 4324 points,
and 0 pieces of gold, after 6259 moves.
You were level 7 with a maximum of 55 hit points when you died.